 Dungeon Crawl Stone Soup version 0.32-a0-834-geaf45d8e21 (webtiles) character file.

Game seed: 279305425941088496

1834 jasper the Cleaver (level 8, 0/63 HPs)
             Began as a Mountain Dwarf Berserker on Mar 25, 2024.
             Was a Believer of Trog.
             Succumbed to a killer bee's poison
             ... on level 6 of the Dungeon.
             The game lasted 00:08:46 (6440 turns).

jasper the Cleaver (Mountain Dwarf Berserker)       Turns: 6440, Time: 00:08:47

Health: 0/63       AC: 13    Str: 21    XL:     8   Next: 87%
Magic:  8/8        EV:  5    Int:  9    God:    Trog [**....]
Gold:   259        SH:  0    Dex:  9    Spells: 7/7 levels left

rFire   . . .        a - +1 hand axe
rCold   . . .        (no shield)
rNeg    + . .        d - +0 plate armour
rPois   .            c - +0 helmet
rElec   .            q - +0 cloak {rCorr}
rCorr   +            (no gloves)
SInv    .            (no boots)
Will    ++...        (no amulet) Stlth
                     i - ring of positive energy
HPRegen 1.30/turn    (no ring)
MPRegen 0.11/turn

%: no passive effects
@: lethally poisoned (0 -> -7), strong-willed, on berserk cooldown,
regenerating, hasted and slowed
A: runic magic, artefact enchanting
a: Renounce Religion, Berserk, Trog's Hand


You were on level 6 of the Dungeon.
You worshipped Trog.
Trog was pleased with you.
You visited 1 branch of the dungeon, and saw 6 of its levels.

You collected 259 gold pieces.

Inventory:

Hand Weapons
 a - a +1 hand axe (weapon)
Missiles
 g - 22 stones (quivered)
Armour
 c - a +0 helmet (worn)
 d - a +0 plate armour (worn)
 q - a +0 cloak of preservation (worn)
Jewellery
 i - a ring of positive energy (left hand)
Wands
 p - a wand of flame (15)
Scrolls
 f - 2 scrolls of teleportation
 l - a scroll of poison
 m - a scroll of enchant weapon
 n - 2 scrolls of noise
 o - a scroll of identify
Potions
 e - a potion of magic
 h - a potion of brilliance
 j - a potion of attraction


   Skills:
 + Level 3.3 Fighting
 - Level 14.0 Axes
 + Level 2.2 Armour
 + Level 1.4 Dodging


You had 7 spell levels left.
You didn't know any spells.
Your spell library was empty.

Dungeon Overview and Level Annotations

Branches:
Dungeon (6/15)
 Temple: D:4-7

Altars:
Kikubaaqudgha
Wu Jian
Yredelemnul

Portals:
Ossuary: D:6


Innate Abilities, Weirdness & Mutations

Your spellcasting is much less encumbered by armour.
You can use scrolls of enchantment on lesser artefacts.


Message History

The killer bee stings you.
* * * LOW HITPOINT WARNING * * *
You are more poisoned.
The killer bee poisons you!
The killer bee stings you but does no damage. x2
The killer bee barely misses you.
The phantom hits you but does no damage.
The killer bee stings you.
* * * LOW HITPOINT WARNING * * *
The killer bee completely misses you. The phantom hits you.
* * * LOW HITPOINT WARNING * * *
You take 11 damage, and have 4/63 hp.
You feel better.
The killer bee stings you but does no damage. x2
The killer bee stings you.
* * * LOW HITPOINT WARNING * * *
The killer bee stings you but does no damage.
The phantom hits you but does no damage.
The killer bee barely misses you.
The killer bee stings you but does no damage.
You regained 6 hp, and now have 10/63 hp.
Okay, then.
You feel yourself speed up. The killer bee barely misses you.
The killer bee stings you.
* * * LOW HITPOINT WARNING * * *
The killer bee stings you.
* * * LOW HITPOINT WARNING * * *
You are poisoned.
The killer bee poisons you!
The killer bee stings you but does no damage.
The phantom hits you but does no damage.
The killer bee stings you.
* * * LOW HITPOINT WARNING * * *
You are more poisoned.
The killer bee poisons you!
The killer bee stings you but does no damage.
The phantom hits you but does no damage.
You take 8 damage, and have 2/63 hp.
Okay, then.
You die...

.# . .# ### #. .#
..... .#####. .....
.....> ...#
#...###...##. #
#.Wy......... #
#.y...ß...##. #
#...@.)...... # #
##.#ß)∩.ß### #. ###
#...†)..######.###..
###..ß.............#
##.##.######......
#....# #........
#..### #.#####.#
#..# #.# ##.## #..#
#.# #.##


You could see a phantom and 2 killer bees.

Vanquished Creatures
  Eustachio (D:3)
  A steam dragon (D:6)
  A water moccasin (D:6)
  Pargi (D:3)
  An ice beast (D:6)
  A centaur (D:5)
  5 ogres
  2 scorpions
  4 killer bees (D:6)
  2 bombardier beetles (D:5)
  A jelly (D:5)
  Crazy Yiuf (D:4)
  3 hounds
  3 iguanas
  7 adders
  4 gnolls (D:6)
  2 ufetubi (D:6)
  4 dart slugs
  7 orcs
  7 endoplasms
  3 giant cockroaches
  3 hobgoblins
  2 jackals (D:1)
  3 quokkas (D:1)
  7 ball pythons
  9 bats
  15 frilled lizards (D:3)
  8 goblins
  2 kobolds (D:1)
  8 rats
118 creatures vanquished.

Notes
Turn   | Place    | Note
-------+----------+-------------------------------------------
     0 | D:1      | jasper the Mountain Dwarf Berserker began the quest for the
                  | Orb.
     0 | D:1      | Reached XP level 1. HP: 19/19 MP: 1/1
    85 | D:1      | Reached skill level 4 in Axes
   160 | D:1      | Reached XP level 2. HP: 26/26 MP: 2/2
   266 | D:1      | You fall into a shaft and drop 1 floor!
   708 | D:1      | Reached skill level 5 in Axes
   849 | D:1      | Reached XP level 3. HP: 29/31 MP: 3/3
  1407 | D:2      | Reached skill level 6 in Axes
  1407 | D:2      | Reached XP level 4. HP: 37/38 MP: 4/4
  1637 | D:2      | Reached ** piety under Trog
  1800 | D:2      | Found an ancient bone altar of Kikubaaqudgha.
  2180 | D:3      | Noticed Pargi
  2188 | D:3      | Killed Pargi
  2189 | D:3      | Reached skill level 7 in Axes
  2189 | D:3      | Reached XP level 5. HP: 45/45 MP: 5/5
  3004 | D:3      | Reached skill level 8 in Axes
  3581 | D:4      | Noticed Eustachio
  3664 | D:3      | Killed Eustachio
  3665 | D:3      | Reached skill level 9 in Axes
  3665 | D:3      | Reached XP level 6. HP: 51/51 MP: 6/6
  4143 | D:5      | Entered Level 5 of the Dungeon
  4340 | D:5      | Reached XP level 7. HP: 13/57 MP: 7/7
  4671 | D:5      | Reached skill level 10 in Axes
  5090 | D:5      | Reached skill level 11 in Axes
  5257 | D:4      | Found an ornate altar of the Wu Jian Council.
  5391 | D:4      | Reached XP level 8. HP: 63/63 MP: 8/8
  5469 | D:4      | Found a runed translucent door.
  5470 | D:4      | Noticed Crazy Yiuf
  5476 | D:4      | Killed Crazy Yiuf
  5623 | D:5      | Reached skill level 12 in Axes
  5928 | D:6      | Found a basalt altar of Yredelemnul.
  6283 | D:6      | Reached skill level 13 in Axes
  6407 | D:6      | Found a sand-covered staircase.
  6436 | D:6      | Reached skill level 14 in Axes
  6439 | D:6      | HP: 3/63 [killer bee (5)]
  6440 | D:6      | Succumbed to a killer bee's poison

Illustrated notes

Levels and vault maps discovered:
D:1:      lemuel_arrival_behind_the_door_small, layout_basic
D:2:      kennysheep_big_flooded_room, layout_basic, basic_altar
D:3:      layout_loops_corners, hex_medium, minmay_lizard_king, uniq_pargi
D:4:      layout_rooms, lemuel_doored_altar, uniq_crazy_yiuf_cottage,
          uniq_eustachio
D:5:      layout_basic
D:6:      layout_loops_ring, fedhas_ov_isle_minmay, amcnicky_altar_gilded,
          nicolae_ossuary_entry_monument, serial_shops, shop

Skill      XL: |  1  2  3  4  5  6  7  8 |
---------------+-------------------------+-----
Axes           | 4 5 6 7 9 11 14 | 14.0
Fighting       | |  3.3
Armour         | |  2.2
Dodging        | |  1.4

Action                     |  1- 3 |  4- 6 |  7- 9 || total
---------------------------+-------+-------+-------++-------
  Melee: Hand axe          |   100 |   177 |   143 ||   420
  Throw: Stone             |       |    10 |    12 ||    22
 Invoke: Berserk           |       |     7 |     9 ||    16
         Trog's Hand       |       |       |     1 ||     1
    Use: Scroll            |     2 |     5 |     5 ||    12
         Potion            |       |       |     3 ||     3
 Armour: Animal skin       |    72 |       |       ||    72
         Leather armour    |    19 |     2 |       ||    21
         Chain mail        |       |    54 |       ||    54
         Plate armour      |       |    75 |   134 ||   209
  Dodge: Dodged            |    63 |    43 |    40 ||   146

Table legend: (Time is in decaauts)
 A = Elapsed time spent in this place.
 B = Non-inter-level travel time spent in this place.
 C = Inter-level travel time spent in this place.
 D = Time resting spent in this place.
 E = Time spent auto-exploring this place.
 F = Levels seen in this place.
 G = Mean time per level.
                   A        B        C        D        E       F      G
               +--------+--------+--------+--------+--------+-----+--------+
         Total |   6545 |   6219 |    326 |   1621 |   3463 |   6 | 1090.8 |
       Dungeon |   6545 |   6219 |    326 |   1621 |   3463 |   6 | 1090.8 |
               +--------+--------+--------+--------+--------+-----+--------+

Top non-repeatable levels by time:
     D:5: 1561 daAuts
     D:3: 1463 daAuts
     D:2: 1130 daAuts
     D:1: 1114 daAuts
     D:4: 833 daAuts
     D:6: 442 daAuts
